| TOP OF THE 1ST |
|
Portland Stag batting - Pitching for New Orleans Brass : RHP Brian Holman
|
|
Pitching: RHP Brian Holman
|
|
|
Batting: SHB Bret Barberie
|
0-0: Ball 1-0: Called Strike 1-1: Hit by Pitch
|
|
Batting: RHB Fernando Tatis
|
0-0: Foul Ball, location: 2F 0-1: Ball 1-1: Ball 2-1: Fly out, F7 (Flyball, 7S, EV 86.3 MPH)
|
|
Batting: LHB Scott Stahoviak
|
0-0: Ball 1-0: Ball 2-0: Fly out, F8 (Line Drive, 8LM, EV 86.9 MPH)
|
|
Batting: RHB Jeff Kunkel
|
0-0: Called Strike 0-1: Foul Ball, location: 2F 0-2: Strikes out swinging
|
| Top of the 1st over - 0 runs, 0 hits, 0 errors, 1 left on base; Portland 0 - New Orleans 0 |
| BOTTOM OF THE 1ST |
|
New Orleans Brass batting - Pitching for Portland Stag : RHP Ron Blazier
|
|
Pitching: RHP Ron Blazier
|
|
|
Batting: SHB Cecil Espy
|
0-0: Ball 1-0: SINGLE (Groundball, 4S, EV 72.5 MPH) (infield hit)
|
|
Batting: SHB Ruben Sierra
|
0-0: Called Strike 0-1: DOUBLE (Line Drive, 7LD, EV 102.5 MPH) Cecil Espy to third
|
|
Batting: RHB Scott Brosius
|
0-0: Foul Ball, location: 2F 0-1: Ball 1-1: Fly out, F9 (Flyball, 9LSF, EV 84.4 MPH) Runner from 3rd tags up, SCORES, no throw by RF
|
|
Batting: SHB Jose L Cruz
|
0-0: Swinging Strike 0-1: Ball 1-1: Ball 2-1: Foul Ball, location: 2F 2-2: Strikes out swinging
|
|
Batting: RHB Eric Karros
|
0-0: Called Strike 0-1: Foul Ball, location: 2F 0-2: Ball 1-2: Ball 2-2: Ball 3-2: Base on Balls
|
|
Batting: SHB Wilson Delgado
|
0-0: Fielders Choice at 2nd, 5-4 (Groundball, 56, EV 105.0 MPH)
|
| Bottom of the 1st over - 1 run, 2 hits, 0 errors, 2 left on base; Portland 0 - New Orleans 1 |
| TOP OF THE 2ND |
|
Portland Stag batting - Pitching for New Orleans Brass : RHP Brian Holman
|
|
Batting: RHB Wes Chamberlain
|
0-0: Called Strike 0-1: Foul Ball, location: 2F 0-2: Ball 1-2: Fly out, F8 (Flyball, 8LS, EV 82.5 MPH)
|
|
Batting: RHB Chris Widger
|
0-0: Ball 1-0: Foul Ball, location: 2F 1-1: Ball 2-1: Swinging Strike 2-2: Ball 3-2: Strikes out looking
|
|
Batting: SHB Jose Vizcaino
|
0-0: Ball 1-0: Ball 2-0: Foul Ball, location: 2F 2-1: Ball 3-1: Foul Ball, location: 2F 3-2: SINGLE (Line Drive, 89S, EV 96.9 MPH)
|
|
Batting: RHB Alex S Gonzalez
|
0-0: Foul Ball, location: 2F 0-1: Swinging Strike 0-2: Ball 1-2: Ball 2-2: Foul Ball, location: 2F 2-2: Ball 3-2: Strikes out looking
|
| Top of the 2nd over - 0 runs, 1 hit, 0 errors, 1 left on base; Portland 0 - New Orleans 1 |
| BOTTOM OF THE 2ND |
|
New Orleans Brass batting - Pitching for Portland Stag : RHP Ron Blazier
|
|
Batting: LHB Greg Myers
|
0-0: Ball 1-0: Fly out, F8 (Line Drive, 8RM, EV 93.1 MPH)
|
|
Batting: LHB Bill Selby
|
0-0: Ball 1-0: SINGLE (Line Drive, 7S, EV 100.0 MPH)
|
|
Batting: RHB Luis Ordaz
|
0-0: Ball 1-0: Called Strike 1-1: Fielders Choice at 2nd, 6-4 (Groundball, 56, EV 83.8 MPH)
|
|
Batting: SHB Cecil Espy
|
0-0: Ball 1-0: Foul Ball, location: 2F 1-1: Ball 2-1: Fly out, F8 (Flyball, 8RM, EV 88.1 MPH)
|
| Bottom of the 2nd over - 0 runs, 1 hit, 0 errors, 1 left on base; Portland 0 - New Orleans 1 |
| TOP OF THE 3RD |
|
Portland Stag batting - Pitching for New Orleans Brass : RHP Brian Holman
|
|
Batting: LHB Yoshinobu Takahashi
|
0-0: Called Strike 0-1: Ball 1-1: Swinging Strike 1-2: Foul Ball, location: 2F 1-2: Ball 2-2: Foul Ball, location: 2F 2-2: Foul Ball, location: 2F 2-2: Strikes out swinging
|
|
Batting: SHB Bret Barberie
|
0-0: Ball 1-0: Called Strike 1-1: Ball 2-1: Ball 3-1: SINGLE (Groundball, 4D, EV 108.1 MPH)
|
|
Batting: RHB Fernando Tatis
|
0-0: Ball 1-0: Ball 2-0: Called Strike 2-1: Ball 3-1: Fielders Choice at 2nd, 5-4 (Groundball, 56S, EV 86.3 MPH)
|
|
Batting: LHB Scott Stahoviak
|
0-0: Foul Ball, location: 2F 0-1: Ball 1-1: Ball 2-1: Swinging Strike 2-2: Foul Ball, location: 2F 2-2: Foul Ball, location: 2F 2-2: Ball 3-2: Base on Balls Fernando Tatis to second
|
|
Batting: RHB Jeff Kunkel
|
0-0: Ball 1-0: Foul Ball, location: 2F 1-1: Called Strike 1-2: Fly out, F7 (Flyball, 78S, EV 93.1 MPH)
|
| Top of the 3rd over - 0 runs, 1 hit, 0 errors, 2 left on base; Portland 0 - New Orleans 1 |
| BOTTOM OF THE 3RD |
|
New Orleans Brass batting - Pitching for Portland Stag : RHP Ron Blazier
|
|
Batting: SHB Ruben Sierra
|
0-0: SINGLE (Line Drive, 56D, EV 108.1 MPH)
|
|
Batting: RHB Scott Brosius
|
0-0: Ball 1-0: Called Strike 1-1: Ball 2-1: Grounds into double play, 5-4-3 (Groundball, 56S, EV 88.8 MPH)
|
|
Batting: SHB Jose L Cruz
|
0-0: Ground out 1-3 (Groundball, 13S, EV 73.1 MPH)
|
| Bottom of the 3rd over - 0 runs, 1 hit, 0 errors, 0 left on base; Portland 0 - New Orleans 1 |
| TOP OF THE 4TH |
|
Portland Stag batting - Pitching for New Orleans Brass : RHP Brian Holman
|
|
Batting: RHB Wes Chamberlain
|
0-0: Ball 1-0: Ball 2-0: Fly out, F8 (Flyball, 8RD, EV 91.3 MPH)
|
|
Batting: RHB Chris Widger
|
0-0: Called Strike 0-1: Called Strike 0-2: Ball 1-2: Ball 2-2: DOUBLE (Line Drive, 9LD, EV 105.6 MPH)
|
|
Batting: SHB Jose Vizcaino
|
0-0: Ball 1-0: Ball 2-0: Foul Ball, location: 2F 2-1: Foul Ball, location: 2F 2-2: Strikes out swinging
|
|
Batting: RHB Alex S Gonzalez
|
0-0: Called Strike 0-1: Fly out, F8 (Flyball, 8LM, EV 75.6 MPH)
|
| Top of the 4th over - 0 runs, 1 hit, 0 errors, 1 left on base; Portland 0 - New Orleans 1 |
| BOTTOM OF THE 4TH |
|
New Orleans Brass batting - Pitching for Portland Stag : RHP Ron Blazier
|
|
Batting: RHB Eric Karros
|
0-0: Called Strike 0-1: Ball 1-1: Ball 2-1: Foul Ball, location: 2F 2-2: Ball 3-2: Foul Ball, location: 2F 3-2: Base on Balls
|
|
Batting: SHB Wilson Delgado
|
0-0: Called Strike 0-1: Fielders Choice at 2nd, 1-6 (Groundball, 13S, EV 71.3 MPH)
|
|
Batting: LHB Greg Myers
|
0-0: Ball 1-0: Fly out, F3 (Line Drive, 3, EV 60.6 MPH)
|
|
Batting: LHB Bill Selby
|
0-0: Called Strike 0-1: Ball 1-1: Swinging Strike 1-2: Ball 2-2: SINGLE (Groundball, 4MD, EV 103.1 MPH) Wilson Delgado to second
|
|
Batting: RHB Luis Ordaz
|
0-0: Fly out, F9 (Flyball, 9LM, EV 73.1 MPH)
|
| Bottom of the 4th over - 0 runs, 1 hit, 0 errors, 2 left on base; Portland 0 - New Orleans 1 |
| TOP OF THE 5TH |
|
Portland Stag batting - Pitching for New Orleans Brass : RHP Brian Holman
|
|
Batting: LHB Yoshinobu Takahashi
|
0-0: Fly out, F8 (Flyball, 8RS, EV 87.5 MPH)
|
|
Batting: SHB Bret Barberie
|
0-0: Swinging Strike 0-1: Ball 1-1: Ball 2-1: Ball 3-1: Base on Balls
|
|
Batting: RHB Fernando Tatis
|
0-0: Ball 1-0: Called Strike 1-1: Called Strike 1-2: Fly out, F9 (Flyball, 9LS, EV 82.5 MPH)
|
|
Batting: LHB Scott Stahoviak
|
0-0: Called Strike 0-1: Ball 1-1: Foul Ball, location: 2F 1-2: SINGLE (Groundball, 34D, EV 100.6 MPH) Bret Barberie to second Runner from 2nd tries for 3rd, SAFE, throw by RF made to third
|
|
Batting: RHB Jeff Kunkel
|
0-0: Fly out, F9 (Flyball, 9, EV 92.5 MPH)
|
| Top of the 5th over - 0 runs, 1 hit, 0 errors, 2 left on base; Portland 0 - New Orleans 1 |
| BOTTOM OF THE 5TH |
|
New Orleans Brass batting - Pitching for Portland Stag : RHP Ron Blazier
|
|
Batting: SHB Cecil Espy
|
0-0: Ball 1-0: Foul Ball, location: 2F 1-1: Ground out 6-3 (Groundball, 6, EV 103.8 MPH)
|
|
Batting: SHB Ruben Sierra
|
0-0: Called Strike 0-1: Ball 1-1: Ground out 4-3 (Groundball, 4, EV 106.9 MPH)
|
|
Batting: RHB Scott Brosius
|
0-0: Foul Ball, location: 2F 0-1: Foul Ball, location: 2F 0-2: Ball 1-2: Ground out 1-3 (Groundball, 13, EV 85.0 MPH)
|
| Bottom of the 5th over - 0 runs, 0 hits, 0 errors, 0 left on base; Portland 0 - New Orleans 1 |
| TOP OF THE 6TH |
|
Portland Stag batting - Pitching for New Orleans Brass : RHP Brian Holman
|
|
Batting: RHB Wes Chamberlain
|
0-0: Foul Ball, location: 2F 0-1: Fly out, F3 (Popup, 3F, EV 83.1 MPH)
|
|
Batting: RHB Chris Widger
|
0-0: Ball 1-0: Swinging Strike 1-1: Swinging Strike 1-2: Strikes out swinging
|
|
Batting: SHB Jose Vizcaino
|
0-0: Called Strike 0-1: Ball 1-1: Swinging Strike 1-2: SINGLE (Groundball, 56D, EV 103.8 MPH)
|
|
Batting: RHB Alex S Gonzalez
|
0-0: Ball 1-0: Called Strike 1-1: Foul Ball, location: 2F 1-2: Foul Ball, location: 2F 1-2: Ball 2-2: Strikes out looking
|
| Top of the 6th over - 0 runs, 1 hit, 0 errors, 1 left on base; Portland 0 - New Orleans 1 |
| BOTTOM OF THE 6TH |
|
New Orleans Brass batting - Pitching for Portland Stag : RHP Ron Blazier
|
|
Pitching: LHP Pedro Martinez
|
|
|
Batting: SHB Jose L Cruz
|
0-0: Ball 1-0: Foul Ball, location: 2F 1-1: Swinging Strike 1-2: Strikes out swinging, 2-3 out at first.
|
|
Batting: RHB Eric Karros
|
0-0: Foul Ball, location: 2F 0-1: Ball 1-1: Ball 2-1: Foul Ball, location: 2F 2-2: Ball 3-2: Fly out, F9 (Flyball, 89S, EV 95.6 MPH)
|
|
Batting: SHB Wilson Delgado
|
0-0: Called Strike 0-1: Ball 1-1: SINGLE (Groundball, 4MD, EV 104.4 MPH)
|
|
Batting: LHB Greg Myers
|
0-0: Called Strike 0-1: Ball 1-1: Ball Wild Pitch! Wilson Delgado to second 2-1: Swinging Strike 2-2: Ball 3-2: Strikes out swinging
|
| Bottom of the 6th over - 0 runs, 1 hit, 0 errors, 1 left on base; Portland 0 - New Orleans 1 |
| TOP OF THE 7TH |
|
Portland Stag batting - Pitching for New Orleans Brass : RHP Brian Holman
|
|
Batting: LHB Yoshinobu Takahashi
|
0-0: Ball 1-0: Ball 2-0: Fly out, F9 (Flyball, 9, EV 93.1 MPH)
|
|
Batting: SHB Bret Barberie
|
0-0: Called Strike 0-1: Called Strike 0-2: Ball 1-2: Ground out U3 (Groundball, 3, EV 81.9 MPH)
|
|
Batting: RHB Fernando Tatis
|
0-0: Called Strike 0-1: Called Strike 0-2: Ball 1-2: Ball 2-2: Fly out, F7 (Flyball, 7LSF, EV 95.0 MPH)
|
| Top of the 7th over - 0 runs, 0 hits, 0 errors, 0 left on base; Portland 0 - New Orleans 1 |
| BOTTOM OF THE 7TH |
|
New Orleans Brass batting - Pitching for Portland Stag : LHP Pedro Martinez
|
|
Batting: LHB Bill Selby
|
0-0: Foul Ball, location: 2F 0-1: Ball 1-1: Swinging Strike 1-2: Ball 2-2: Fly out, F7 (Flyball, 7S, EV 95.0 MPH)
|
|
Batting: RHB Luis Ordaz
|
0-0: Swinging Strike 0-1: Ball 1-1: Ball 2-1: Ball 3-1: Foul Ball, location: 2F 3-2: Foul Ball, location: 2F 3-2: Foul Ball, location: 2F 3-2: Fly out, F5 (Line Drive, 5, EV 73.8 MPH)
|
|
Batting: SHB Cecil Espy
|
0-0: Bunt for hit to 15S - play at first, batter OUT! 1-3
|
| Bottom of the 7th over - 0 runs, 0 hits, 0 errors, 0 left on base; Portland 0 - New Orleans 1 |
| TOP OF THE 8TH |
|
Portland Stag batting - Pitching for New Orleans Brass : RHP Brian Holman
|
|
Batting: LHB Scott Stahoviak
|
0-0: Called Strike 0-1: Foul Ball, location: 2F 0-2: Strikes out swinging, 2-3 out at first.
|
|
Batting: RHB Jeff Kunkel
|
0-0: Swinging Strike 0-1: Swinging Strike 0-2: Ball 1-2: Foul Ball, location: 2F 1-2: Strikes out looking
|
|
Batting: RHB Wes Chamberlain
|
0-0: Ball 1-0: Ground out 1-3 (Groundball, 34S, EV 73.8 MPH)
|
| Top of the 8th over - 0 runs, 0 hits, 0 errors, 0 left on base; Portland 0 - New Orleans 1 |
| BOTTOM OF THE 8TH |
|
New Orleans Brass batting - Pitching for Portland Stag : LHP Pedro Martinez
|
|
Batting: SHB Ruben Sierra
|
0-0: Called Strike 0-1: Ball 1-1: Swinging Strike 1-2: Foul Ball, location: 2F 1-2: Foul Ball, location: 2F 1-2: Ball 2-2: Ball 3-2: Strikes out swinging
|
|
Batting: RHB Scott Brosius
|
0-0: SOLO HOME RUN (Flyball, 78XD, EV 91.3 MPH), Distance : 404 ft
|
|
Batting: SHB Jose L Cruz
|
0-0: Fly out, F6 (Popup, 6MS, EV 66.9 MPH)
|
|
Batting: RHB Eric Karros
|
0-0: Called Strike 0-1: Swinging Strike 0-2: Ball 1-2: Foul Ball, location: 2F 1-2: Strikes out swinging
|
| Bottom of the 8th over - 1 run, 1 hit, 0 errors, 0 left on base; Portland 0 - New Orleans 2 |
| TOP OF THE 9TH |
|
Portland Stag batting - Pitching for New Orleans Brass : RHP Brian Holman
|
|
Batting: RHB Chris Widger
|
0-0: Ball 1-0: Ball 2-0: Ball 3-0: Base on Balls
|
|
Pitching: RHP Luis Aquino
|
|
|
Batting: SHB Jose Vizcaino
|
0-0: Called Strike 0-1: Foul Ball, location: 2F 0-2: Foul Ball, location: 2F 0-2: Ball 1-2: Strikes out swinging
|
|
Batting: RHB Alex S Gonzalez
|
0-0: Ball 1-0: 2-RUN HOME RUN (Flyball, 7D, EV 91.9 MPH), Distance : 354 ft
|
|
Batting: LHB Yoshinobu Takahashi
|
0-0: Ball 1-0: Swinging Strike 1-1: Ball 2-1: Fly out, F7 (Flyball, 7, EV 94.4 MPH)
|
|
Batting: SHB Bret Barberie
|
0-0: SINGLE (Line Drive, 9LS, EV 110.0 MPH)
|
|
Batting: RHB Fernando Tatis
|
0-0: Ball 1-0: Swinging Strike 1-1: Foul Ball, location: 2F 1-2: Ball 2-2: Ball 3-2: Fly out, F8 (Line Drive, 8LM, EV 94.4 MPH)
|
| Top of the 9th over - 2 runs, 2 hits, 0 errors, 1 left on base; Portland 2 - New Orleans 2 |
| BOTTOM OF THE 9TH |
|
New Orleans Brass batting - Pitching for Portland Stag : LHP Pedro Martinez
|
|
Pitching: RHP Will Cunnane
|
|
|
Batting: SHB Wilson Delgado
|
0-0: Ground out 3-1 (Groundball, 34, EV 81.3 MPH)
|
|
Pinch Hitting: SHB Jose Vidro
|
0-0: Ball 1-0: Called Strike 1-1: Ball 2-1: Called Strike 2-2: Strikes out swinging
|
|
Batting: LHB Bill Selby
|
0-0: Ball 1-0: Called Strike 1-1: Called Strike 1-2: Foul Ball, location: 2F 1-2: SINGLE (Line Drive, 7S, EV 103.8 MPH)
|
|
Batting: RHB Luis Ordaz
|
0-0: Ball 1-0: Ground out 1-3 (Groundball, 23, EV 86.9 MPH)
|
| Bottom of the 9th over - 0 runs, 1 hit, 0 errors, 1 left on base; Portland 2 - New Orleans 2 |
| TOP OF THE 10TH |
|
Portland Stag batting - Pitching for New Orleans Brass : RHP Luis Aquino
|
|
Pitching: LHP Tim Davis
|
|
|
Now at C: Angelo Encarnacion
|
|
|
Batting: LHB Scott Stahoviak
|
0-0: Ball 1-0: Fly out, F8 (Flyball, 8LS, EV 93.8 MPH)
|
|
Batting: RHB Jeff Kunkel
|
0-0: Ground out 6-3 (Groundball, 6, EV 88.8 MPH)
|
|
Batting: RHB Wes Chamberlain
|
0-0: Called Strike 0-1: Foul Ball, location: 2F 0-2: Ball 1-2: Foul Ball, location: 2F 1-2: Ball 2-2: SOLO HOME RUN (Flyball, 78XD, EV 106.9 MPH), Distance : 399 ft
|
|
Batting: RHB Chris Widger
|
0-0: Ball 1-0: Called Strike 1-1: Called Strike 1-2: Ground out 4-3 (Groundball, 4, EV 107.5 MPH)
|
| Top of the 10th over - 1 run, 1 hit, 0 errors, 0 left on base; Portland 3 - New Orleans 2 |
| BOTTOM OF THE 10TH |
|
New Orleans Brass batting - Pitching for Portland Stag : RHP Will Cunnane
|
|
Pitching: RHP Kerry Ligtenberg
|
|
|
Now in RF: Hiroshi Shibahara
|
|
|
Batting: SHB Cecil Espy
|
0-0: Foul Ball, location: 2F 0-1: SINGLE (Line Drive, 6D, EV 104.4 MPH)
|
|
Batting: SHB Ruben Sierra
|
0-0: Ball 1-0: SINGLE (Groundball, 34D, EV 110.6 MPH) Cecil Espy to second Runner from 2nd tries for 3rd, OUT! 9-5
|
|
Pinch Hitting: LHB Kent Hrbek
|
0-0: Ball 1-0: Ball 2-0: Ball 3-0: Base on Balls Ruben Sierra to second
|
|
Batting: SHB Jose L Cruz
|
0-0: Called Strike 0-1: Foul Ball, location: 2F 0-2: Strikes out swinging
|
|
Batting: RHB Eric Karros
|
0-0: Ball 1-0: Ball 2-0: Ball 3-0: Foul Ball, location: 2F 3-1: Foul Ball, location: 2F 3-2: Fly out, F6 (Popup, 15, EV 86.9 MPH)
|
| Bottom of the 10th over - 0 runs, 2 hits, 0 errors, 2 left on base; Portland 3 - New Orleans 2 |
|